 Dungeon Crawl Stone Soup version 0.26.0-10-g1f06aea511 (webtiles) character file.

Game seed: 2073350051836184989

502 vatarom the Firebug (level 6, -2/35 HPs)
             Began as a Deep Elf Fire Elementalist on Jan 21, 2021.
             Was an Initiate of Vehumet.
             Shot with an arrow by a centaur (12 damage)
             ... on level 5 of the Dungeon.
             The game lasted 00:13:03 (5200 turns).

vatarom the Firebug (Deep Elf Fire Elementalist)    Turns: 5200, Time: 00:13:04

Health: -2/35      AC:  5    Str: 10    XL:     6   Next: 95%
Magic:  11/15      EV: 12    Int: 20    God:    Vehumet [......]
Gold:   115        SH:  0    Dex: 15    Spells: 3/14 levels left

rFire    + . .     SeeInvis .   r - +2 dagger (speed)
rCold    . . .     Faith    .   (no shield)
rNeg     . . .     Spirit   .   u - +0 leather armour {rF+}
rPois    +         Reflect  .   f - +0 helmet
rElec    .         Harm     .   (no cloak)
rCorr    .         Rampage  .   b - +0 pair of gloves {Str+3}
Will     .....                  (no boots)
Stlth    ++........             (no amulet)
HPRegen  0.11/turn              o - ring of poison resistance
MPRegen  0.14/turn              (no ring)

@: very slightly contaminated
A: no striking features
a: Renounce Religion


You were on level 5 of the Dungeon.
You worshipped Vehumet.
Vehumet was noncommittal.
You visited 1 branch of the dungeon, and saw 5 of its levels.

You collected 205 gold pieces.
You spent 90 gold pieces at shops.

Inventory:

Hand Weapons
 r - a +2 dagger of speed (weapon)
Missiles
 h - 5 javelins
Armour
 a - a +0 robe
 b - a +0 pair of gloves of strength (worn)
 f - a +0 helmet (worn)
 t - the +2 ring mail of Action {*Drain Will+ Regen+ MP+9}
   (You found it on level 4 of the Dungeon)

   It affects your willpower, your defense against some magical effects.
   It affects your magic capacity (+9).
   It increases your rate of regeneration.
   It causes draining when unequipped.
 u - a +0 leather armour of fire resistance (worn)
Jewellery
 o - a ring of poison resistance (left hand)
Scrolls
 c - a scroll of magic mapping
 d - 4 scrolls of enchant weapon
 g - a scroll of identify {@r1}
 j - 2 scrolls of remove curse {@r2}
Potions
 e - a potion of brilliance {unknown}
 i - a potion of invisibility
 k - a potion of flight {unknown}
 l - a potion of berserk rage {unknown}
 n - a potion of might {unknown}
 q - a potion of mutation {unknown}
 v - 2 potions of ambrosia {unknown}


   Skills:
 - Level 2.2 Fighting
 * Level 0.3 Armour
 - Level 2.4 Dodging
 - Level 2.4 Stealth
 + Level 4.9 Spellcasting
 + Level 4.2 Conjurations
 * Level 5.7 Fire Magic


You had 3 spell levels left.
You knew the following spells:

 Your Spells              Type           Power        Failure   Level
a - Foxfire               Conj/Fire      100%         1%          1
b - Inner Flame           Hex/Fire       16%          14%         3
c - Conjure Flame         Conj/Fire      25%          6%          3
d - Sticky Flame          Conj/Fire      25%          21%         4

Your spell library contained the following spells:

 Spells                   Type           Power        Failure   Level
 Fireball                 Conj/Fire      12%          50%         5


Dungeon Overview and Level Annotations

Branches:
Dungeon (5/15)
 Temple: D:4-7

Altars:
Ashenzari
Gozag
Sif Muna
Vehumet
Xom
Zin

Shops:
D:4 [   D:5 }

Annotations:
D:3 3 runed translucent doors, hjaiej13's ghost, amateur DsAK


Message History

Okay, then.
You feel much better.
The centaur shoots an arrow.
The arrow barely misses you.
You conjure some foxfire!
You conjure some foxfire!
The foxfire hits the centaur but does no damage.
The centaur is heavily wounded.
The foxfire hits the centaur.
The centaur is severely wounded.
The centaur shoots an arrow.
The arrow hits you.
You miscast Foxfire.
You are very lightly contaminated with residual magic.
Nothing appears to happen.
The centaur shoots an arrow.
The arrow barely misses you. The arrow hits your foxfire!
The centaur shoots an arrow.
The arrow hits you!
Unknown command.
Your foxfire dissipates!
The centaur shoots an arrow.
The arrow hits you.
* * * LOW HITPOINT WARNING * * *
The centaur shoots an arrow.
The arrow hits you!
You die...

####### #.....#####
#.........#
#.........##
##..........#
#.....@##...####
#######...#(.(..c)(.#
#.........#.####.##.#
#.######.##......##.#
#.# #.##########.#
#####.# #+# ###.#
#.....# #.(c# #.#####
#(### #..## #..##


You could see a centaur.

Vanquished Creatures
  An ogre (D:5)
  A bullfrog skeleton (D:4)
  A hound (D:4)
  4 orc wizards
  2 worker ants
  A worker ant zombie (D:5)
  8 adders
  An ooze (D:5)
  An adder zombie (D:5)
  An adder skeleton (D:4)
  3 worms
  2 dart slugs
  6 leopard geckos
  9 orcs
  4 giant cockroaches
  5 goblins
  6 hobgoblins
  8 jackals
  A quokka (D:4)
  3 ball pythons
  8 bats
  3 frilled lizards
  5 kobolds
  A leopard gecko skeleton (D:4)
  7 rats
92 creatures vanquished.

Vanquished Creatures (others)
  346 foxfires
  A fungus (D:3)
  3 plants
350 creatures vanquished.

Grand Total: 442 creatures vanquished

Notes
Turn   | Place    | Note
-------+----------+-------------------------------------------
     0 | D:1      | vatarom the Deep Elf Fire Elementalist began the quest for
                  | the Orb.
     0 | D:1      | Reached XP level 1. HP: 10/10 MP: 6/6
   314 | D:1      | Reached XP level 2. HP: 15/15 MP: 5/8
  1110 | D:2      | Reached XP level 3. HP: 14/20 MP: 5/9
  1421 | D:2      | Reached skill level 1 in Fighting
  1421 | D:2      | Reached skill level 4 in Fire Magic
  1831 | D:2      | Reached XP level 4. HP: 25/25 MP: 7/11
  1978 | D:2      | Learned a level 3 spell: Conjure Flame
  1982 | D:2      | Learned a level 3 spell: Inner Flame
  2807 | D:3      | Found a broken altar of Ashenzari.
  2807 | D:3      | Found a glowing silver altar of Zin.
  3037 | D:3      | Found a runed translucent gate.
  3037 | D:3      | Found a runed translucent gate.
  3037 | D:3      | Noticed hjaiej13's ghost (amateur DsAK)
  3038 | D:3      | Found a runed translucent gate.
  3245 | D:4      | Reached XP level 5. HP: 29/29 MP: 10/12
  3592 | D:4      | Found an opulent altar of Gozag.
  3601 | D:4      | Found a shimmering blue altar of Sif Muna.
  3730 | D:4      | Got a pitted ring mail
  3731 | D:4      | Identified the +2 ring mail of Action {*Drain Will+ Regen+
                  | MP+9} (You found it on level 4 of the Dungeon)
  3888 | D:4      | Found Vufawowu's Armour Boutique.
  3910 | D:4      | Bought a +0 leather armour of fire resistance for 90 gold
                  | pieces
  3956 | D:4      | Reached skill level 5 in Fire Magic
  3956 | D:4      | Reached XP level 6. HP: 32/35 MP: 9/14
  3961 | D:4      | Learned a level 4 spell: Sticky Flame
  4061 | D:5      | Entered Level 5 of the Dungeon
  4139 | D:5      | Found a radiant altar of Vehumet.
  4183 | D:5      | Became a worshipper of Vehumet
  4290 | D:5      | Found Bapsosk's Gadget Emporium.
  4295 | D:5      | Found a shimmering altar of Xom.
  5200 | D:5      | Shot with an arrow by a centaur

Illustrated notes

Levels and vault maps discovered:
D:1:      mrwooster_arrival_statue_3, layout_basic, palyth_stone_intersect,
          dk_noncrumbling_4
D:2:      layout_basic, minmay_misc_feat_nine_boxes
D:3:      layout_loops_cross, gammafunk_temple_overflow_wave,
          gammafunk_ghost_nasty_kobolds
D:4:      layout_rooms, amethyst_overflow_temple_binary, serial_shops,
          shop_statue
D:5:      layout_loops_corners, cheibrodos_worm_habitat,
          overflow_temple_1_default, minmay_temple_entry_statues_pillars,
          basic_altar, serial_shops, kennysheep_little_box, saegor_snake_ambush

Skill      XL: |  1  2  3  4  5  6 |
---------------+-------------------+-----
Conjurations   | 2 3 4 |  4.2
Fighting       | 1 2 |  2.2
Fire Magic     | 4 5 |  5.7
Spellcasting   | 4 |  4.9
Armour         | |  0.3
Dodging        | |  2.4
Stealth        | |  2.4

Action                   |  1- 3 |  4- 6 || total
-------------------------+-------+-------++-------
Melee: Spear             |    27 |       ||    27
       Dagger            |       |    35 ||    35
 Cast: Foxfire           |    72 |   155 ||   227
       Conjure Flame     |       |     6 ||     6
       Inner Flame       |       |     2 ||     2
  Use: Scroll            |     5 |     4 ||     9
       Potion            |       |     8 ||     8
 Stab: Invisible         |       |     1 ||     1
Armor: Robe              |    19 |     5 ||    24
       Leather armour    |       |    13 ||    13
Dodge: Dodged            |    33 |    50 ||    83
